 Dungeon Crawl Stone Soup version 0.11.0-9-gb634444 (webtiles) character file.

4933 Bogworth the Reanimator (level 10, -1/76 HPs)
             Began as a Deep Dwarf Necromancer on Jan 12, 2013.
             Was a Priest of Kikubaaqudgha.
             Slain by a harpy (6 damage)
             ... on Level 10 of the Dungeon on Jan 18, 2013.
             The game lasted 03:03:03 (15165 turns).

Bogworth the Reanimator (Deep Dwarf Necromancer)   Turns: 15165, Time: 03:03:03

HP  -1/76        AC  7     Str 11      XL: 10   Next: 26%
MP  21/21        EV 17     Int 20      God: Kikubaaqudgha [***...]
Gold 455         SH  0     Dex 18      Spells:  7 memorised,  1 level left

Res.Fire  : . . .   See Invis. : +   z - +2 whip (venom)
Res.Cold  : . . .   Warding    : .   r - +0 leather armour
Life Prot.: . . .   Conserve   : .   (no shield)
Res.Poison: .       Res.Corr.  : .   (no helmet)
Res.Elec. : .       Clarity    : .   l - +0 cloak
Sust.Abil.: . .     Spirit.Shd : .   (no gloves)
Res.Mut.  : .       Stasis     : .   (no boots)
Res.Rott. : .       Ctrl.Telep.: .   (no amulet)
Saprovore : . . .   Levitation : .   A - ring of see invisible Ctrl.Flight: .
                                     t - +3 ring of protection

@: non-regenerating, agile, quite resistant to hostile enchantments, quite
stealthy
A: damage resistance, recharge devices, sense surroundings 2, slow healing 3
a: Device Recharging, Receive Corpses, Renounce Religion


You were on level 10 of the Dungeon.
You worshipped Kikubaaqudgha.
Kikubaaqudgha was greatly pleased with you.
You were not hungry.

You visited 2 branches of the dungeon, and saw 11 of its levels.
You also visited: Sewer.

You collected 435 gold pieces.

Inventory:

Hand weapons
 f - a -1,+1 orcish club (quivered)
 z - a +2,+2 whip of venom (weapon)
Armour
 a - a +0 robe
 d - a +0 cloak
 l - a +0 cloak (worn)
 r - a +0 leather armour (worn)
 I - a +2 pair of bracers of archery
 K - a +0 pair of boots
 Q - a +2 pair of elven gauntlets
 W - a +0 plumed helmet
Magical devices
 c - a wand of heal wounds (4)
 S - a wand of magic darts (0)
 T - a wand of draining (4)
 V - a wand of random effects (15) {unknown}
Comestibles
 w - a bread ration
Scrolls
 e - 6 scrolls of curse jewellery {unknown}
 i - a scroll of enchant weapon II {unknown}
 j - 2 scrolls of fog {unknown}
 k - 3 scrolls of random uselessness
 m - a scroll of noise
 p - 2 scrolls of remove curse {unknown}
 q - a scroll of curse weapon {unknown}
 u - 2 scrolls of recharging {unknown}
 y - 4 scrolls of amnesia
 E - a scroll of magic mapping {unknown}
 G - a scroll of immolation {unknown}
 O - a scroll of enchant weapon I {unknown}
Jewellery
 t - a +3 ring of protection (left hand)
 A - a ring of see invisible (right hand)
 M - a +5 ring of strength {unknown}
 P - a cursed -4 ring of intelligence
Potions
 g - 3 potions of agility
 h - 6 potions of curing
 n - a potion of brilliance {unknown}
 o - a potion of poison {unknown}
 s - a potion of magic {unknown}
 v - 2 potions of levitation {unknown}
 x - 2 potions of heal wounds
 F - 3 potions of might
 H - a potion of confusion {unknown}
 J - a potion of resistance {unknown}
 N - a potion of invisibility {unknown}
Books
 b - a book of Necromancy

   Spells                             Type                      Level
   *Pain                              Necromancy                   1
   *Animate Skeleton                  Necromancy                   1
   Lethal Infusion                    Charms/Necromancy            2
   *Vampiric Draining                 Necromancy                   3
   Regeneration                       Charms/Necromancy            3
   *Animate Dead                      Necromancy                   4
   Control Undead                     Necromancy                   4
 B - a book of Debilitation

   Spells                             Type                      Level
   Corona                             Hexes                        1
   Slow                               Hexes                        2
   Inner Flame                        Hexes/Fire                   3
   Enslavement                        Hexes                        4
   Cause Fear                         Hexes                        4
   Mass Confusion                     Hexes                        6
 C - Kikubaaqudgha's Collected Works on Sinister Arts {god gift, }
   (Kikubaaqudgha gifted it to you on level 6 of the Dungeon)

   Spells                             Type                      Level
   *Pain                              Necromancy                   1
   Lethal Infusion                    Charms/Necromancy            2
   *Sublimation of Blood              Necromancy                   2
   *Vampiric Draining                 Necromancy                   3
   Control Undead                     Necromancy                   4
 R - Kikubaaqudgha's Compendium of Evil {god gift, }
   (Kikubaaqudgha gifted it to you on level 8 of the Dungeon)

   Spells                             Type                      Level
   Agony                              Necromancy                   5
   *Dispel Undead                     Necromancy                   5
   *Twisted Resurrection              Necromancy                   5
   Bolt of Draining                   Conjuration/Necromancy       6
   Death Channel                      Necromancy                   6
Magical staves
 D - an uncursed staff of cold {unknown}


   Skills:
 - Level 1.1 Fighting
 - Level 2.5 Dodging
 - Level 2.4 Stealth
 - Level 0.3 Traps & Doors
 + Level 6.8 Spellcasting
 * Level 13.1 Necromancy


You had one spell level left.
You knew the following spells:

 Your Spells              Type           Power        Failure   Level  Hunger
a - Pain                  Necr           #####        1%          1    None
b - Vampiric Draining     Necr           #######...   1%          3    ##.....
c - Animate Skeleton      Necr           N/A          1%          1    None
d - Animate Dead          Necr           N/A          1%          4    ###....
e - Sublimation of Blood  Necr           #######...   1%          2    None
f - Twisted Resurrection  Necr           #######...   1%          5    #####..
g - Dispel Undead         Necr           #######..    1%          5    #####..


Dungeon Overview and Level Annotations

Branches:
Dungeon (10/27)            Temple (1/1) D:4            Lair (0/8) D:9
    Orc: D:6-11

Altars:
Cheibriados
Elyvilon
Fedhas
Kikubaaqudgha
Makhleb
Nemelex Xobeh
Trog
Xom
Yredelemnul
Zin

Annotations
D:3 elite277's ghost, average HuSt
D:8 Gastronok; Maurice
D:10 Josephine


Innate Abilities, Weirdness & Mutations

You are resistant to damage.
You can recharge devices by infusing magical energy.
You passively map the area around you.
You do not heal naturally.


Message History

The harpy barely misses you. The harpy misses you.
The harpy screeches!
The harpy misses you. The harpy claws you but does no damage.
The harpy claws you! The harpy lunges at you hungrily!
The harpy screeches!
The harpy closely misses you. The harpy completely misses you.
The harpy claws you. The harpy lunges at you hungrily! The harpy claws you.
* * * LOW HITPOINT WARNING * * *
The harpy claws you but does no damage. The harpy misses you.
The harpy closely misses you.
The yaktaur captain shoots a silver bolt.
The silver bolt hits you!
* * * LOW HITPOINT WARNING * * *
You see here a silver bolt.
The harpy claws you!
You die...
Kikubaaqudgha rasps: "You have failed me!
Welcome... death!"

#.#* # #######* *,*,
######.##.# #.....# ,
#.........# #.....# *,
#....#c#### #.....# *
#....#.## #.....# *
#...(...#######.....#
#.###..............##
*, #.# #...5..........#
,* #.#
#....H@........#####.#.
#.#
#............>.........
#.#
#..............#####.#.
#.# ####...........# *,
#.# ##.#####.##.# * #.#
#.# #.##.# ,*, #.# #.#
#.##.# *, , #B#######.#
#.##.# #.#
#.#.....#.#####.##.#
#.#


You could see a yaktaur captain, a harpy and a crimson imp.

Vanquished Creatures
  A yaktaur skeleton (D:10)
  6 soldier ants
  A sky beast (D:5)
  An ice beast (D:6)
  An orc warrior (D:5)
  3 ogres
  2 centaurs
  A giant frog (D:7)
  A big kobold (Sewer)
  3 goliath beetles
  3 killer bees (D:10)
  2 crimson imps
  A big kobold skeleton (D:10)
  4 scorpions
  5 hounds
  5 orc priests
  3 iguanas
  A gnoll shaman (D:7)
  8 orc wizards
  A worker ant zombie (D:7)
  14 worker ants
  Ijyb (D:7)
  A jelly (D:8)
  4 gnolls
  14 adders
  An adder zombie (D:6)
  2 giant mites (D:5)
  7 worms
  2 giant eyeballs
  16 grey rats
  5 oozes
  28 orcs
  10 bats
  6 giant cockroaches
  14 goblins
  10 hobgoblins
  2 jackals
  3 quokkas
  An ant larva (D:9)
  5 ball pythons
  5 giant geckos
  3 giant newts
  A hobgoblin skeleton (D:5)
  32 kobolds
  2 orc skeletons (D:5)
  17 rats
  A fungus (D:6)
  2 toadstools
262 creatures vanquished.

Vanquished Creatures (collateral kills)
  A queen ant (D:9)
  Menkaure (D:5)
  6 soldier ants (D:9)
  A necrophage (D:9)
  An ice beast (D:10)
  4 ogres
  2 giant frogs (D:9)
  A water moccasin (D:9)
  A centaur skeleton (D:10)
  5 crimson imps
  A scorpion (D:4)
  2 orc wizards (D:5)
  7 worker ants (D:9)
  2 jellies (D:9)
  3 gnolls (D:4)
  A green rat (D:5)
  7 grey rats (Sewer)
  5 orcs
  2 bats
  A hobgoblin (D:5)
  2 jackals (D:6)
  2 ant larvae (D:9)
  A hobgoblin skeleton (D:7)
  5 kobolds
  An orc zombie (D:5)
  4 rats
69 creatures vanquished.

Vanquished Creatures (others)
  A wyvern zombie (D:10)
  A yak zombie (D:9)
  A troll zombie (D:9)
  2 soldier ant zombies (D:9)
  2 centaur zombies
  A giant frog zombie (D:9)
  A goliath beetle (D:7)
  2 mottled dragon zombies (D:9)
  2 ogre zombies
  A hound zombie (D:8)
  2 goliath beetle zombies
  5 worker ant zombies (D:9)
  An iguana (D:7)
  A worm zombie (D:6)
  A gnoll (D:7)
  2 adder zombies
  3 adder skeletons
  An iguana skeleton (D:5)
  2 bat skeletons
  3 bat zombies
  A giant mite zombie (D:5)
  An orc (D:5)
  An ant larva zombie (D:9)
  A ball python skeleton (Sewer)
  A giant cockroach zombie (D:4)
  2 giant gecko zombies
  A giant spore (D:8)
  A goblin skeleton (D:4)
  A goblin zombie (D:6)
  A grey rat skeleton (Sewer)
  6 grey rat zombies (Sewer)
  A hobgoblin zombie (D:6)
  A jackal zombie (D:6)
  3 kobold skeletons
  5 kobold zombies
  10 orc skeletons
  10 orc zombies
  2 rats
  A rat skeleton (D:3)
  3 rat zombies
  A ballistomycete (D:8)
  A macabre mass (D:8)
  9 toadstools
99 creatures vanquished.

Grand Total: 430 creatures vanquished

Notes
Turn   | Place    | Note
--------------------------------------------------------------
     0 | D:1      | Bogworth, the Deep Dwarf Necromancer, began the quest for the Orb.
     0 | D:1      | Reached XP level 1. HP: 15/15 MP: 3/3
   686 | D:1      | Reached XP level 2. HP: 22/22 MP: 2/4
  1897 | D:2      | Reached XP level 3. HP: 17/28 MP: 1/6
  2216 | D:2      | Learned a level 3 spell: Vampiric Draining
  2324 | D:2      | Reached skill level 1 in Fighting
  2700 | D:2      | Found a shimmering altar of Xom.
  3080 | D:3      | Reached skill level 5 in Necromancy
  3183 | D:3      | Noticed elite277's ghost (average HuSt)
  3238 | D:3      | Reached XP level 4. HP: 27/36 MP: 1/8
  4119 | D:3      | Reached XP level 5. HP: 38/42 MP: 5/10
  4150 | D:3      | Learned a level 1 spell: Animate Skeleton
  4657 | D:3      | Reached skill level 6 in Necromancy
  5093 | D:4      | Reached XP level 6. HP: 30/49 MP: 6/12
  5149 | D:4      | Learned a level 4 spell: Animate Dead
  5241 | D:4      | Found a bloodstained altar of Trog.
  5385 | D:4      | Found a sparkling altar of Nemelex Xobeh.
  5647 | D:4      | Found a staircase to the Ecumenical Temple.
  5665 | Temple   | Entered the Ecumenical Temple
  5677 | Temple   | Became a worshipper of Kikubaaqudgha
  5849 | D:4      | Reached skill level 7 in Necromancy
  6086 | D:5      | Entered Level 5 of the Dungeon
  6089 | D:5      | Found a glowing silver altar of Zin.
  6328 | D:4      | Reached XP level 7. HP: 17/55 MP: 9/15
  6854 | D:5      | Noticed Menkaure
  6888 | D:5      | Reached skill level 8 in Necromancy
  7237 | D:6      | Acquired Kikubaaqudgha's first power
  7237 | D:6      | Received a gift from Kikubaaqudgha
  7238 | D:6      | Got a black book {god gift}
  7239 | D:6      | Identified Kikubaaqudgha's Collected Works on Sinister Arts {god gift} (Kikubaaqudgha gifted it to you on level 6 of the Dungeon)
  7242 | D:6      | Learned a level 2 spell: Sublimation of Blood
  7593 | D:6      | Reached XP level 8. HP: 58/63 MP: 9/18
  8182 | D:5      | Reached skill level 9 in Necromancy
  8260 | D:5      | Killed Menkaure
  8292 | D:5      | Found a glowing drain.
  8454 | Sewer    | Entered a sewer
  8868 | Sewer    | Acquired Kikubaaqudgha's second power
  9988 | D:6      | Reached skill level 5 in Spellcasting
 10365 | D:7      | Paralysed by a giant eyeball for 2 turns
 10367 | D:7      | Reached skill level 10 in Necromancy
 10391 | D:7      | Noticed Ijyb
 10421 | D:7      | Killed Ijyb
 10655 | D:7      | Gained mutation: You passively map the area around you. [level up]
 10655 | D:7      | Reached XP level 9. HP: 47/69 MP: 13/19
 11180 | D:8      | Noticed a cyclops
 11196 | D:8      | Noticed Gastronok
 11203 | D:8      | Found a snail-covered altar of Cheibriados.
 11542 | D:8      | Noticed Maurice
 11553 | D:8      | Reached XP level 8. HP: 47/63 MP: 3/17
 11677 | D:8      | Received a gift from Kikubaaqudgha
 11687 | D:8      | Got an antique book {god gift}
 11688 | D:8      | Identified Kikubaaqudgha's Compendium of Evil {god gift} (Kikubaaqudgha gifted it to you on level 8 of the Dungeon)
 11695 | D:8      | Learned a level 5 spell: Twisted Resurrection
 11907 | D:8      | Reached XP level 9. HP: 56/69 MP: 4/19
 12434 | D:9      | Reached skill level 11 in Necromancy
 12825 | D:9      | Noticed a queen ant
 12875 | D:8      | Paralysed by a giant eyeball for 4 turns
 12887 | D:10     | Entered Level 10 of the Dungeon
 12988 | D:9      | Killed a queen ant
 13193 | D:9      | Reached skill level 12 in Necromancy
 13644 | D:9      | Paralysed by a giant eyeball for 3 turns
 13701 | D:9      | Found a staircase to the Lair.
 13871 | D:9      | Reached XP level 10. HP: 71/76 MP: 21/21
 14282 | D:10     | Noticed Josephine
 14549 | D:9      | Reached skill level 13 in Necromancy
 14626 | D:9      | Learned a level 5 spell: Dispel Undead
 15140 | D:10     | Noticed a harpy
 15148 | D:10     | Noticed a yaktaur captain
 15165 | D:10     | Slain by a harpy
